 Dungeon Crawl Stone Soup version 0.20-a0-3-g334f831 (webtiles) character file.

79 JeffiDaFish the Skirmisher (level 4, -14/29 HPs)
             Began as a Gargoyle Fighter on Oct 30, 2016.
             Demolished by an orc warrior
             ... wielding a +0 scimitar
              (19 damage)
             ... on level 3 of the Dungeon.
             The game lasted 00:09:22 (1408 turns).

JeffiDaFish the Skirmisher (Gargoyle Fighter)       Turns: 1408, Time: 00:09:22

Health: -14/29     AC: 11    Str: 25    XL:     4   Next: 37%
Magic:  4/4        EV:  7    Int:  9    God:
Gold:   43         SH: 12    Dex:  9    Spells: 0 memorised, 3 levels left

rFire  . . .     SeeInvis .     a - +0 flail
rCold  . . .     Gourm    .     b - +0 scale mail
rNeg   + . .     Faith    .     c - +3 shield
rPois  ∞         Spirit   .     i - +0 helmet
rElec  +         Reflect  .     (no cloak)
rCorr  .         Harm     .     (no gloves)
MR     .....                    (no boots)
Stlth  ..........               (no amulet)
                                (no ring)
                                (no ring)

@: mighty
A: negative energy resistance 1, electricity resistance, unbreathing,
petrification resistance, rot immunity, AC +3
a: no special abilities


You were on level 3 of the Dungeon.
You were not hungry.

You visited 1 branch of the dungeon, and saw 3 of its levels.

You collected 43 gold pieces.

Inventory:

Hand Weapons
 a - a +0 flail (weapon)
Armour
 b - a +0 scale mail (worn)
 c - a +3 shield (worn)
 i - a +0 helmet (worn)
Scrolls
 j - a scroll of immolation
 k - a scroll of identify
Potions
 e - a potion of magic
Comestibles
 f - 3 bread rations
 g - 16 chunks of flesh
 h - a meat ration


   Skills:
 + Level 4.0 Fighting
 + Level 2.7 Maces & Flails
 + Level 3.9 Armour
 + Level 0.1 Dodging
 + Level 3.9 Shields


You had 3 spell levels left.
You didn't know any spells.

Dungeon Overview and Level Annotations

Branches:
Dungeon (3/15)

Altars:
Elyvilon
Kikubaaqudgha
The Shining One


Innate Abilities, Weirdness & Mutations

You are resistant to torment.
Your stone body is resilient. (AC +3)
You are immune to poison.
You resist negative energy. (rN+)
You are resistant to electric shocks. (rElec)
You can survive without breathing.
You are immune to petrification.
You are immune to rotting.


Message History

You barely miss the orc warrior. The orc warrior barely misses you.
You hit the orc warrior but do no damage.
You block the orc warrior's attack.
You closely miss the orc warrior. The orc warrior completely misses you.
You hit the orc warrior.
The orc warrior is lightly wounded.
The orc warrior barely misses you.
You barely miss the orc warrior.
The orc warrior is lightly wounded.
You block the orc warrior's attack.
The orc warrior hits you with a scimitar!
Ouch! That really hurt!
* * * LOW HITPOINT WARNING * * *
Your shield and scale mail prevent you from hitting the orc warrior.
The orc warrior is lightly wounded.
You block the orc warrior's attack.
You feel very mighty all of a sudden.
The orc warrior hits you with a scimitar!!
Ouch! That really hurt!
You die...

#.* #.# ##.##
**###.####.####.#.##
*,,..............#.#
*,**#.#.##.####...##
*,* #....#.# ##.##
,,* #......# #.# ***
#......# #.# ###.####
#.# *### #.# #@# ,..#
#.# #o# *#.# ##'##
*#o#* #.###...##
**.oo**
#.##.....##**,...,**
#.#.......#*,.....,*
##..........#,..>..,*
............+.......*
.<..........#*,,,,,**


You could see an orc warrior and 3 orcs.

Vanquished Creatures
  Robin (D:3)
  An adder (D:2)
  An ooze (D:3)
  A worm (D:2)
  2 leopard geckos
  An orc (D:3)
  A ball python (D:2)
  3 bats (D:1)
  A giant cockroach (D:2)
  10 goblins
  11 hobgoblins
  3 kobolds
  4 frilled lizards
  4 rats
44 creatures vanquished.

Notes
Turn   | Place    | Note
-------+----------+-------------------------------------------
     0 | D:1      | JeffiDaFish the Gargoyle Fighter began the quest for the Orb.
     0 | D:1      | Reached XP level 1. HP: 14/14 MP: 1/1
   350 | D:1      | Reached XP level 2. HP: 19/19 MP: 2/2
   501 | D:2      | Found a glowing golden altar of the Shining One.
   627 | D:2      | Reached XP level 3. HP: 22/24 MP: 3/3
   664 | D:2      | Found a white marble altar of Elyvilon.
   717 | D:2      | Found an ancient bone altar of Kikubaaqudgha.
  1203 | D:3      | Noticed Robin
  1239 | D:3      | Reached XP level 4. HP: 22/29 MP: 4/4
  1252 | D:3      | Killed Robin
  1252 | D:3      | Reached skill level 4 in Fighting
  1394 | D:3      | Noticed an orc warrior
  1408 | D:3      | Demolished by an orc warrior

Vault maps used:
D:1:      noname_arrival_rooms_in_the_neighbourhood
D:2:      nicolae_overflow_crystal_walls, nicolae_overflow_hidden_temple,
          elyvilon_altar_3
D:3:      cheibrodos_greedy_goblins, first_bread, uniq_robin

Skill      XL: |  1  2  3  4 |
---------------+-------------+-----
Fighting       | 4 |  4.0
Maces & Flails | |  2.7
Armour         | |  3.9
Dodging        | |  0.1
Shields        | |  3.9

Action                   |  1- 3 |  4- 6 || total
-------------------------+-------+-------++-------
Melee: Flail             |   137 |    26 ||   163
  Use: Scroll            |     9 |     1 ||    10
       Potion            |     5 |     1 ||     6
  Eat: Chunk             |     1 |     1 ||     2
Armor: Scale mail        |    64 |     9 ||    73
Dodge: Dodged            |    36 |     9 ||    45
Block: Shield            |   102 |    17 ||   119
